 Dungeon Crawl Stone Soup version 0.18-b1-22-ge198996 (webtiles) character file.

77 oplop the Changer (level 4, -2/32 HPs)
             Began as a Merfolk Transmuter on May 4, 2016.
             Slain by Natasha (10 damage)
             ... on level 2 of the Dungeon.
             The game lasted 00:03:46 (1739 turns).

oplop the Changer (Merfolk Transmuter)              Turns: 1739, Time: 00:03:47

Health: -2/32      AC:  2    Str: 10    XL:     4   Next: 33%
Magic:  1/7        EV: 14    Int: 12    God:
Gold:   99         SH:  0    Dex: 15    Spells: 2 memorised, 4 levels left

rFire  . . .     SeeInvis .       - Unarmed
rCold  . . .     Gourm    .     b - +0 robe
rNeg   . . .     Faith    .     (no shield)
rPois  .         Spirit   .     (no helmet)
rElec  .         Dismiss  .     (no cloak)
rCorr  .         Reflect  .     (no gloves)
SustAt .         Harm     .     (no boots)
MR     .....                    (no amulet)
Stlth  +.........               (no ring)
                                (no ring)

@: appendage, very slightly contaminated, not resistant to hostile enchantments,
very unstealthy
A: change form in water, swift swim, horns 2
a: End Transformation


You were on level 2 of the Dungeon.
You were not hungry.
You had grown temporary horns.
You visited 1 branch of the dungeon, and saw 2 of its levels.

You collected 99 gold pieces.

Inventory:

Hand Weapons
 n - a +0 short sword of venom
Missiles
 a - 47 arrows
Armour
 b - a +0 robe (worn)
Scrolls
 g - 2 scrolls of remove curse {unknown}
 h - 4 scrolls of amnesia {unknown}
 i - 3 scrolls of teleportation {unknown}
 k - 2 scrolls of identify {unknown}
Potions
 e - a potion of cure mutation {unknown}
 j - 2 potions of might {unknown}
 l - a potion of curing {unknown}
 m - a potion of berserk rage {unknown}
 o - a potion of heal wounds
Books
 c - a book of Changes

   Spells                             Type                      Level
   a - Beastly Appendage              Transmutation                1
   b - Sticks to Snakes               Transmutation                2
   c - Spider Form                    Transmutation/Poison         3
   d - Ice Form                       Ice/Transmutation            4
   e - Blade Hands                    Transmutation                5
Comestibles
 d - a bread ration
 f - a meat ration
 p - 3 chunks of flesh


   Skills:
 - Level 1.1 Fighting
 + Level 3.9 Dodging
 - Level 3.2 Unarmed Combat
 + Level 2.6 Spellcasting
 * Level 4.4 Transmutations


You had 4 spell levels left.
You knew the following spells:

 Your Spells              Type           Power        Failure   Level  Hunger
a - Beastly Appendage     Trmt           ##....       4%          1    #......
b - Spider Form           Trmt/Pois      #.........   34%         3    ###....


Dungeon Overview and Level Annotations

Branches:
Dungeon (2/15)

Altars:
Xom

Annotations:
D:2 Natasha


Innate Abilities, Weirdness & Mutations

You revert to your normal form in water.
You are very nimble and swift while swimming.
You have a pair of horns on your head.


Message History

You closely miss Natasha.
Natasha is moderately wounded.
Natasha claws you.
You hit Natasha.
Natasha is heavily wounded.
Natasha claws you but does no damage.
You hit Natasha. Your headbutt misses Natasha.
Natasha is heavily wounded.
Natasha claws you.
You barely miss Natasha. You headbutt Natasha, but do no damage.
Natasha is heavily wounded.
Natasha completely misses you.
You barely miss Natasha.
Natasha is heavily wounded.
Natasha claws you.
* * * LOW HITPOINT WARNING * * *
You miss Natasha.
Natasha is heavily wounded.
Natasha claws you!
You die...

#.#############.#
#.# #.# #.# #.#
#.# #.# #.# #.#
#.# ### #.# #.#
##... #.# #.#
.....K###.######
#.#
.>..rbh@.........
#.#
.....####.#######
#.# #.# #.#
#.##### #.#
#.....# #.#
#####.# ... #†#
### #.# #.#


You could see Natasha, a bat, a kobold and a rat.

Vanquished Creatures
  3 adders (D:2)
  An ooze (D:2)
  2 giant geckos (D:2)
  5 goblins
  5 hobgoblins
  5 kobolds
  4 quokkas (D:2)
  7 bats
  3 giant newts (D:2)
  6 rats
41 creatures vanquished.

Notes
Turn   | Place    | Note
--------------------------------------------------------------
     0 | D:1      | oplop the Merfolk Transmuter began the quest for the Orb.
     0 | D:1      | Reached XP level 1. HP: 15/15 MP: 3/3
   392 | D:1      | Reached skill level 3 in Transmutations
   392 | D:1      | Reached XP level 2. HP: 21/21 MP: 3/5
   778 | D:2      | Reached XP level 3. HP: 16/26 MP: 4/6
  1148 | D:2      | Reached skill level 4 in Transmutations
  1300 | D:2      | Learned a level 3 spell: Spider Form
  1416 | D:2      | Reached XP level 4. HP: 30/32 MP: 3/7
  1561 | D:2      | Found a shimmering altar of Xom.
  1724 | D:2      | Noticed Natasha
  1739 | D:2      | Slain by Natasha

Skill      XL: |  1  2  3 |
---------------+----------+-----
Dodging        | 3 |  3.9
Transmutations | 3 4 |  4.4
Fighting       | |  1.1
Unarmed Combat | |  3.2
Spellcasting   | |  2.6

Action                   |  1- 3 |  4- 6 || total
-------------------------+-------+-------++-------
Melee: Unarmed           |   104 |    44 ||   148
       Headbutt          |     5 |     1 ||     6
       Punch             |     1 |       ||     1
 Cast: Beastly Appendage |    18 |     1 ||    19
       Spider Form       |     2 |     2 ||     4
  Use: Potion            |     2 |       ||     2
 Stab: Sleeping          |     1 |       ||     1
  Eat: Chunk             |     2 |     3 ||     5
Armor: Robe              |    22 |     6 ||    28
Dodge: Dodged            |   105 |    42 ||   147
